 Dungeon Crawl Stone Soup version 0.19.5 (webtiles) character file.

66 McKennaii the Skirmisher (level 3, 0/30 HPs)
             Began as a Demonspawn Abyssal Knight on Apr 25, 2017.
             Was a Believer of Lugonu.
             Slain by a hobgoblin
             ... wielding a +0 club
             ... led by Robin
              (1 damage)
             ... on level 1 of the Dungeon.
             The game lasted 00:02:45 (1434 turns).

McKennaii the Skirmisher (DsAK)                     Turns: 1434, Time: 00:02:46

Health: 0/30       AC:  3    Str: 12    XL:     3   Next: 96%
Magic:  4/4        EV: 11    Int: 13    God:    Lugonu [**....]
Gold:   30         SH:  0    Dex: 13    Spells: 0 memorised, 2 levels left

rFire  . . .     SeeInvis .     a - +1 falchion
rCold  . . .     Gourm    .     b - +0 leather armour
rNeg   . . .     Faith    .     (no shield)
rPois  .         Spirit   .     (no helmet)
rElec  .         Reflect  .     (no cloak)
rCorr  .         Harm     .     (no gloves)
MR     .....                    (no boots)
Stlth  +.........               (no amulet)
                                (no ring)
                                (no ring)

@: no status effects
A: talons 1
a: Depart the Abyss, Bend Space, Renounce Religion


You were on level 1 of the Dungeon.
You worshipped Lugonu.
Lugonu was pleased with you.
You were not hungry.

You visited 1 branch of the dungeon, and saw 2 of its levels.
You visited the Abyss 1 time.

You collected 30 gold pieces.

Inventory:

Hand Weapons
 a - a +1 falchion (weapon)
Armour
 b - a +0 leather armour (worn)
Scrolls
 d - 2 scrolls of remove curse {unknown}
 e - a scroll of fog {unknown}
 f - 2 scrolls of identify {unknown}
 g - 2 scrolls of amnesia {unknown}
 i - 3 scrolls of fear {unknown}
Comestibles
 c - a bread ration
 h - 5 fruits


   Skills:
 + Level 4.0 Fighting
 + Level 2.4 Long Blades
 + Level 2.3 Armour
 + Level 1.1 Dodging
 + Level 0.2 Stealth
 + Level 2.5 Invocations


You had 2 spell levels left.
You didn't know any spells.

Dungeon Overview and Level Annotations

Branches:
Dungeon (2/15)

Altars:

Annotations:
D:2 Robin, Sigmund


Innate Abilities, Weirdness & Mutations

You have sharp toenails.


Message History

The hobgoblin is almost dead.
The goblin hits you but does no damage. The goblin hits you with a club.
The goblin hits you with a dagger of freezing.
The goblin freezes you.
* * * LOW HITPOINT WARNING * * *
The hobgoblin hits you with a club.
* * * LOW HITPOINT WARNING * * *
You can't go down here!
The goblin hits you with a club.
* * * LOW HITPOINT WARNING * * *
The goblin closely misses you.
You riposte.
You hit the goblin.
You kill the goblin!
Lugonu accepts your kill.
The goblin hits you with a dagger of freezing.
* * * LOW HITPOINT WARNING * * *
The goblin freezes you.
* * * LOW HITPOINT WARNING * * *
A mysterious force pulls you upwards. The hatch slams shut behind you.
The hobgoblin hits you with a club.
You die...

### #.###### #......# #.####.#
#######.# #.# #.......####'###
##'####.........#
#......@........#
#......g........########
#....gg######...........
#......######.......####
########...........'.......'...
###.(.....#'#'########.......####
..+.........#......# #.......# #
..#........##......###.......####
...##......'.....................


You could see a hobgoblin and 2 goblins.

Vanquished Creatures
  An adder (D:2)
  An ooze (D:1)
  3 worms (D:2)
  2 dart slugs (D:1)
  2 ball pythons (D:2)
  2 bats (D:1)
  11 goblins
  4 hobgoblins
  3 jackals (D:2)
  A quokka (D:2)
  2 frilled lizards
  6 rats
38 creatures vanquished.

Notes
Turn   | Place    | Note
-------+----------+-------------------------------------------
     0 | Abyss:1  | McKennaii the Demonspawn Abyssal Knight began the quest for the Orb.
     0 | Abyss:1  | Reached XP level 1. HP: 18/18 MP: 2/2
    16 | Abyss:2  | Found a corrupted altar of Lugonu.
    71 | Abyss:2  | Noticed a worldbinder
    76 | Abyss:2  | Noticed a jumping spider
    78 | Abyss:2  | Noticed a tentacled starspawn
    80 | Abyss:2  | Noticed a tarantella
    80 | Abyss:2  | Noticed a jumping spider
    80 | Abyss:2  | Noticed an orb spider
    81 | D:1      | Escaped the Abyss
   164 | D:1      | Reached * piety under Lugonu
   365 | D:1      | Gained mutation: You have sharp toenails. [demonic ancestry]
   365 | D:1      | Reached XP level 2. HP: 23/24 MP: 3/3
   370 | D:1      | Reached skill level 1 in Dodging
  1051 | D:2      | Reached XP level 3. HP: 29/30 MP: 4/4
  1138 | D:2      | Noticed Sigmund
  1171 | D:2      | Reached ** piety under Lugonu
  1224 | D:2      | Noticed Robin
  1231 | D:1      | Reached skill level 4 in Fighting
  1432 | D:2      | HP: 1/30 [goblin/dagger of freezing[Robin] (1)]
  1434 | D:1      | Slain by a hobgoblin

Skill      XL: |  1  2  3 |
---------------+----------+-----
Dodging        | 1 |  1.1
Armour         | 2 |  2.3
Long Blades    | 2 |  2.4
Fighting       | 4 |  4.0
Stealth        | |  0.2
Invocations    | |  2.5

Action                   || total
-------------------------++-------
Melee: Falchion          ||    95
       Kick              ||    20
Invok: Depart the Abyss  ||     1
  Use: Potion            ||     3
  Eat: Royal jelly       ||     1
Armor: Leather armour    ||    25
Dodge: Dodged            ||    68
       Rpst.: Falchion   ||    16
